 Dungeon Crawl Stone Soup version 0.27-a0-684-g359e429f13 (webtiles) character file.

Game seed: 9828223252827515527

294 Allula97 the Merchant of Misery (level 6, -1/44 HPs)
             Began as a Demonspawn Necromancer on Mar 20, 2021.
             Was a Believer of Kikubaaqudgha.
             Killed by divine providence
             ... invoked by an orc priest
              (15 damage)
             ... on level 4 of the Dungeon.
             The game lasted 00:15:03 (4088 turns).

Allula97 the Merchant of Misery (DsNe)              Turns: 4088, Time: 00:15:03

Health: -1/44      AC:  8    Str: 11    XL:     6   Next: 11%
Magic:  0/10       EV: 10    Int: 16    God:    Kikubaaqudgha [**....]
Gold:   71         SH:  0    Dex: 13    Spells: 3/10 levels left

rFire    . . .     SeeInvis .     - Unarmed
rCold    . . .     Faith    .   (no shield)
rNeg     . . .     Spirit   .   m - +0 ring mail
rPois    .         Reflect  .   (no helmet)
rElec    .         Harm     .   i - +0 cloak
rCorr    .         Rampage  .   (no gloves)
Will     .....                  (no boots)
Stlth    +.........             (no amulet)
HPRegen  0.14/turn              (no ring)
MPRegen  0.12/turn              (no ring)

@: very slightly contaminated
A: hooves 2, powered by death 1, sharp scales 2
a: Renounce Religion, Receive Corpses


You were on level 4 of the Dungeon.
You worshipped Kikubaaqudgha.
Kikubaaqudgha was pleased with you.
You visited 1 branch of the dungeon, and saw 4 of its levels.

You collected 71 gold pieces.

Inventory:

Armour
 f - a +0 leather armour
 i - a +0 cloak (worn)
 m - a +0 ring mail (worn)
Jewellery
 h - a ring of wizardry
Scrolls
 c - a scroll of fog {unknown}
 d - a scroll of blinking {unknown}
 e - 3 scrolls of identify {unknown}
 g - 2 scrolls of holy word {unknown}
Potions
 a - a potion of degeneration {unknown}
 b - a potion of invisibility
 j - a potion of might {unknown}
 k - a potion of lignification {unknown}
 l - a potion of cancellation {unknown}


   Skills:
 * Level 1.9 Fighting
 * Level 1.1 Armour
 * Level 2.1 Dodging
 + Level 2.0 Stealth
 * Level 2.3 Unarmed Combat
 * Level 2.8 Spellcasting
 * Level 5.6 Necromancy
 * Level 1.3 Transmutations


You had 3 spell levels left.
You knew the following spells:

 Your Spells              Type           Power      Damage    Failure   Level
a - Pain                  Necr           80%        1d8       4%          1
b - Animate Skeleton      Necr           40%        N/A       4%          1
c - Vampiric Draining     Necr           10%        2d7       13%         3
d - Sublimation of Blood  Necr           10%        N/A       7%          2

Your spell library contained the following spells:

 Spells                   Type           Power      Damage    Failure   Level
 Animate Dead             Necr           10%        N/A       41%         4
 Agony                    Necr           20%        N/A       77%         5


Dungeon Overview and Level Annotations

Branches:
Dungeon (4/15)
 Temple: D:4-7

Altars:
Cheibriados
Elyvilon
Gozag
Kikubaaqudgha
Nemelex Xobeh
The Shining One

Shops:
D:2 =


Innate Abilities, Weirdness & Mutations

You have hoof-like feet.
You regenerate a little health from kills.
You are mostly covered in razor-sharp scales. (AC +2, Slay +2)


Message History

Casting: Pain (safe; 4% risk of failure)
Confirm with . or Enter, or press ? or * to list all spells.
Aiming: Pain (safe; 4% risk of failure)
Press: ? - help, Shift-Dir - straight line, f - orc priest
Aim: an orc priest (ally target, chance to affect: 80%)
Something writhes in agony!
You miscast Pain.
You are very lightly contaminated with residual magic.
Nothing appears to happen.
Something hits you.
Something writhes in agony.
The orc priest invokes the aid of Beogh against you.
Beogh smites you! Something hits you.
Something writhes in agony.
Kikubaaqudgha accepts your kill.
Reactivating autopickup.
You feel a bit more experienced.
You hit the orc priest. You kick the orc priest.
The orc priest is moderately wounded.
The orc priest invokes the aid of Beogh against you.
Beogh smites you!
* * * LOW HITPOINT WARNING * * *
Casting: Pain (safe; 4% risk of failure)
Confirm with . or Enter, or press ? or * to list all spells.
Aiming: Vampiric Draining (dangerous; 13% risk of failure)
Press: ? - help, Shift-Dir - straight line, f/p - orc priest
Aim: an orc priest (moderately wounded, ally target)
You miscast Vampiric Draining.
Nothing appears to happen.
The orc priest hits you but does no damage.
You hit the orc priest.
The orc priest is heavily wounded.
The orc priest hits you but does no damage.
You barely miss the orc priest. You kick the orc priest.
The orc priest is severely wounded.
The orc priest miscasts a cantrip.
You closely miss the orc priest. You kick the orc priest.
The orc priest is almost dead.
The orc priest invokes the aid of Beogh against you.
Beogh smites you!
You die...
Kikubaaqudgha rasps: "You have failed me!
Welcome... death!"

### #.# #.# ##.##
########.###o....#
#.####........Z@o#
#.......####.Z###
#.###..## ####
##.## .##.
#.<####.....
#.......#
#..#.....##
##......##
##.....#


You could see an orc priest (ally target), an orc, a friendly adder skeleton and
a friendly jackal skeleton.

Vanquished Creatures
  An orc priest (D:3)
  A centaur skeleton (D:4)
  2 orc wizards
  9 adders
  A worm (D:3)
  3 dart slugs (D:2)
  3 leopard geckos
  12 orcs
  A ball python (D:4)
  8 bats
  2 giant cockroaches
  10 hobgoblins
  5 jackals
  5 kobolds
  6 frilled lizards
  3 goblins
  11 rats
83 creatures vanquished.

Vanquished Creatures (collateral kills)
  An orc (D:3)
  A giant cockroach (D:3)
  A goblin (D:3)
  A kobold (D:2)
  A rat (D:3)
5 creatures vanquished.

Grand Total: 88 creatures vanquished

Notes
Turn   | Place    | Note
-------+----------+-------------------------------------------
     0 | D:1      | Allula97 the Demonspawn Necromancer began the quest for the
                  | Orb.
     0 | D:1      | Reached XP level 1. HP: 13/13 MP: 3/3
   168 | D:1      | Learned a level 1 spell: Animate Skeleton
   589 | D:1      | Gained mutation: You regenerate a little health from kills.
                  | [demonic ancestry]
   589 | D:1      | Reached XP level 2. HP: 18/19 MP: 3/5
  1364 | D:2      | Found a snail-covered altar of Cheibriados.
  1472 | D:2      | Reached skill level 1 in Unarmed Combat
  1472 | D:2      | Gained mutation: You have large cloven feet. [demonic
                  | ancestry]
  1472 | D:2      | Reached XP level 3. HP: 15/25 MP: 1/6
  1575 | D:2      | Learned a level 3 spell: Vampiric Draining
  1712 | D:2      | Found an opulent altar of Gozag.
  1784 | D:2      | Found an ancient bone altar of Kikubaaqudgha.
  1790 | D:2      | Became a worshipper of Kikubaaqudgha
  1913 | D:2      | Found Vaehy's Jewellery Shoppe.
  2006 | D:2      | Reached skill level 5 in Necromancy
  2006 | D:2      | Gained mutation: You are partially covered in razor-sharp
                  | scales. (AC +1, Slay +1) [demonic ancestry]
  2006 | D:2      | Reached XP level 4. HP: 22/31 MP: 2/7
  2270 | D:2      | Reached skill level 1 in Fighting
  2644 | D:3      | Reached skill level 1 in Transmutations
  2935 | D:3      | Reached * piety under Kikubaaqudgha
  2935 | D:3      | Identified Kikubaaqudgha's Compendium of Black Rites
                  | (Kikubaaqudgha gifted it to you on level 3 of the Dungeon)
  2935 | D:3      | Received a gift from Kikubaaqudgha
  2936 | D:3      | Gained mutation: You have hoof-like feet. [demonic
                  | ancestry]
  2936 | D:3      | Reached XP level 5. HP: 23/37 MP: 2/8
  2971 | D:3      | Learned a level 2 spell: Sublimation of Blood
  3574 | D:3      | Found a sparkling altar of Nemelex Xobeh.
  4047 | D:4      | Reached skill level 1 in Armour
  4078 | D:4      | Gained mutation: You are mostly covered in razor-sharp
                  | scales. (AC +2, Slay +2) [demonic ancestry]
  4078 | D:4      | Reached XP level 6. HP: 44/44 MP: 6/10
  4079 | D:4      | Reached ** piety under Kikubaaqudgha
  4088 | D:4      | Killed from afar by an orc priest

Illustrated notes

Levels and vault maps discovered:
D:1:      nagdon_arrival_double_spiral, layout_loops_ring,
          minmay_misc_feat_columns, tso_metal_star
D:2:      minmay_chambers_of_ones, layout_basic, cheibriados_altar_1,
          marbit_many_paths, lemuel_round_altar,
          nicolae_elyvilon_peaceful_grove, serial_shops, nicolae_shop_crystal
D:3:      layout_basic, nemelex_xobeh_ov_fountains_minmay, minivault_24
D:4:      layout_layer_cave, fedhas_altar_1, serial_shops, kennysheep_mini

Skill      XL: |  1  2  3  4  5 |
---------------+----------------+-----
Unarmed Combat | 1 2 |  2.3
Necromancy     | 5 |  5.6
Fighting       | 1 |  1.9
Transmutations | 1 |  1.3
Stealth        | 2 |  2.0
Dodging        | 2 |  2.1
Armour         | 1 |  1.1
Spellcasting   | |  2.8

Action                   |  1- 3 |  4- 6 || total
-------------------------+-------+-------++-------
Melee: Unarmed           |   107 |   143 ||   250
       Kick              |    12 |    31 ||    43
 Cast: Pain              |    42 |    27 ||    69
       Animate Skeleton  |    11 |    15 ||    26
       Vampiric Draining |       |     7 ||     7
  Use: Potion            |     2 |     2 ||     4
 Stab: Sleeping          |     1 |     2 ||     3
       Invisible         |       |     3 ||     3
Armor: Robe              |     3 |       ||     3
       Leather armour    |    25 |    16 ||    41
       Ring mail         |       |    14 ||    14
Dodge: Dodged            |    66 |   101 ||   167

Table legend: (Time is in decaauts)
 A = Elapsed time spent in this place.
 B = Non-inter-level travel time spent in this place.
 C = Inter-level travel time spent in this place.
 D = Time resting spent in this place.
 E = Time spent auto-exploring this place.
 F = Levels seen in this place.
 G = Mean time per level.
                   A        B        C        D        E       F      G
               +--------+--------+--------+--------+--------+-----+--------+
         Total |   4082 |   3991 |     91 |    130 |   2772 |   4 | 1020.5 |
       Dungeon |   4082 |   3991 |     91 |    130 |   2772 |   4 | 1020.5 |
               +--------+--------+--------+--------+--------+-----+--------+

Top non-repeatable levels by time:
     D:3: 1566 daAuts
     D:2: 1322 daAuts
     D:1: 1138 daAuts
     D:4: 55 daAuts
